 Dungeon Crawl Stone Soup version 0.30-a0-728-gc68057be0a (webtiles) character file.

Game seed: 7994970446727127614

20514 Legacy the Warrior (level 12, -4/124 HPs)
             Began as a Minotaur Berserker on Jan 31, 2023.
             Was a High Priest of Trog.
             Killed from afar by Jorgrun (45 damage)
             ... with an iron shot
             ... on level 13 of the Dungeon.
             The game lasted 00:31:49 (12119 turns).

Legacy the Warrior (Minotaur Berserker)            Turns: 12119, Time: 00:31:50

Health: -4/124     AC: 19    Str: 35    XL:     12   Next: 46%
Magic:  11/11      EV: 11    Int:  3    God:    Trog [*****.]
Gold:   678        SH: 10    Dex: 11    Spells: 11/11 levels left

rFire   . . .      SeeInvis .    G - +5 war axe (drain)
rCold   . . .      Faith    .    a - +0 kite shield
rNeg    . . .      Spirit   .    t - +0 plate armour
rPois   .          Reflect  .    (helmet restricted)
rElec   +          Harm     .    E - +0 cloak
rCorr   .          Rampage  .    (no gloves)
Will    .....                    (no boots) Stlth
                                 k - amulet of regeneration
HPRegen 1.20/turn                r - +4 ring of protection
MPRegen 0.12/turn                M - +6 ring of strength

@: no status effects
A: horns 2, retaliatory headbutt, electricity resistance, strong 1, sturdy frame
1
a: Renounce Religion, Berserk, Trog's Hand, Brothers in Arms


You were on level 13 of the Dungeon.
You worshipped Trog.
Trog was extremely pleased with you.
You visited 2 branches of the dungeon, and saw 14 of its levels.

You collected 711 gold pieces.
You spent 33 gold pieces at shops.

Inventory:

Hand Weapons
 F - a +0 great mace
 G - a +5 war axe of draining (weapon)
Missiles
 g - 2 throwing nets (quivered)
Armour
 a - a +0 kite shield (worn)
 b - a +0 animal skin
 c - a scarf of shadows
 t - a +0 plate armour (worn)
 A - an orb of light
 E - a +0 cloak (worn)
 P - +0 acid dragon scales
Jewellery
 h - a ring of positive energy
 k - an amulet of regeneration (around neck)
 r - a +4 ring of protection (left hand)
 D - an amulet of the acrobat
 M - a +6 ring of strength (right hand)
 O - a ring of resist corrosion
 Q - a ring of poison resistance
Wands
 x - a wand of paralysis (10)
 y - a wand of flame (30)
 L - a wand of polymorph (5)
 N - a wand of acid (2)
Scrolls
 e - a scroll of enchant armour
 i - 3 scrolls of blinking
 m - 5 scrolls of teleportation
 o - a scroll of summoning
 q - 5 scrolls of enchant weapon
 s - a scroll of noise
 u - 3 scrolls of fear
 C - 3 scrolls of magic mapping
 H - 2 scrolls of identify
 I - a scroll of brand weapon
 J - 2 scrolls of fog
 R - a scroll of silence
Potions
 d - a potion of cancellation {unknown}
 f - 9 potions of curing
 j - 5 potions of heal wounds
 l - 3 potions of berserk rage
 n - a potion of attraction {unknown}
 p - 3 potions of haste
 v - a potion of resistance {unknown}
 w - 3 potions of flight {unknown}
 z - 3 potions of mutation
 B - a potion of lignification {unknown}
Miscellaneous
 K - a condenser vane


   Skills:
 * Level 16.5 Fighting
 + Level 10.8 Axes
 + Level 9.5 Armour
 * Level 9.4 Dodging
 + Level 0.5 Stealth
 + Level 8.5 Shields


You had 11 spell levels left.
You didn't know any spells.
Your spell library was empty.

Dungeon Overview and Level Annotations

Branches:
Dungeon (13/15)            Temple (1/1) D:4            Lair (0/5) D:8
    Orc (0/2) D:10
 Vaults: D:13-14

Altars:
Ashenzari
Cheibriados
Dithmenos
Elyvilon
Fedhas
Gozag
Hepliaklqana
Kikubaaqudgha
Makhleb
Nemelex Xobeh
Okawaru
Qazlal
Ru
Sif Muna
Trog
Uskayaw
Vehumet
Wu Jian
Xom
Yredelemnul
Zin
The Shining One

Shops:
D:2 =   D:6 *   D:7 [   D:10 !

Portals:
Trove: D:10 (give 6 scrolls of fear)

Annotations:
D:13 Jorgrun


Innate Abilities, Weirdness & Mutations

You have a pair of horns on your head.
You reflexively headbutt those who attack you in melee.
You are resistant to electric shocks. (rElec)
Your muscles are strong. (Str +4, Int/Dex -1)
Your movements are slightly less encumbered by armour. (ER -2)


Message History

You hear a grinding noise.
Jorgrun casts a spell next to you.
The wall shatters!
The blast of rock fragments hits you!!
Jorgrun points at you and mumbles some strange words.
You are slowing down.
You slash Jorgrun! You headbutt Jorgrun!
Jorgrun is lightly wounded.
Jorgrun hits you with a +0 heavy quarterstaff!
Your limbs are stiffening.
Unknown command.
You barely miss Jorgrun.
Jorgrun is lightly wounded.
Jorgrun hits you with a +0 heavy quarterstaff!
You have turned to stone.
Jorgrun points at you and mumbles some strange words.
You struggle to resist.
Jorgrun hits you with a +0 heavy quarterstaff.
Jorgrun barely misses you. Jorgrun casts a spell next to you.
The wall shatters!
The blast of rock fragments hits you but does no damage.
Jorgrun casts a spell next to you.
The wall shatters!
The blast of rock fragments hits you!
Jorgrun hits you with a +0 heavy quarterstaff!!
You turn to flesh and can move again.
You slice Jorgrun!! You headbutt Jorgrun!!
Jorgrun is severely wounded.
Unknown command.
You slash Jorgrun!
Jorgrun is severely wounded.
Jorgrun points at you and mumbles some strange words.
You struggle to resist.
Jorgrun casts a spell at you. The iron shot hits you!!!
Unknown command.
You slice Jorgrun!! You drain Jorgrun. Your headbutt misses Jorgrun.
Jorgrun is almost dead.
Jorgrun gestures at you while chanting. The iron shot hits you!!!
You die...

#.....#.### #.##.#
#.###.#.# ..#.##.#
#.# #..># #.#.##.#
#.# ###.# #.#.#...
#.# #.# #.#.####
#.## #.#.#.#.# #..
#.#.#.#.# #g#
#.#.#.#.# #@#
#.#.#.#.#### #.#
#.#.#.......
#.####..#.###.####
#.....#.#.....#
#####.#.......#
#.######.## #.#
#.# #.# #.# #.#
#.#


You could see Jorgrun (drained).

Vanquished Creatures
  The ghost of Beavis the Timeless, a journeyman GnWn of Cheibriados (D:10)
  7 two-headed ogres
  A boulder beetle (D:11)
  A tengu warrior (D:10)
  2 manticores
  A moth of wrath (D:10)
  An ugly thing (D:12)
  2 cyclopes
  Maurice (D:11)
  Maggie (D:10)
  A kobold demonologist (D:10)
  An unseen horror (D:10)
  A komodo dragon (D:10)
  6 trolls
  2 polar bears (D:11)
  Prince Ribbit (D:7)
  A hornet (D:9)
  Sigmund (D:5)
  3 shadows
  A wraith (D:10)
  11 yaks (D:11)
  Eustachio (D:6)
  A steam dragon (D:9)
  8 vampire mosquitoes
  An acid dragon (D:11)
  4 water moccasins
  A meliai simulacrum (D:11)
  2 black bears
  An ice beast (D:11)
  5 centaurs
  3 ogres
  2 phantoms (D:5)
  3 kobold brigands
  Blork the orc (D:6)
  2 gnoll sergeants
  3 bullfrogs (D:7)
  2 necrophages (D:5)
  4 scorpions
  9 wights
  15 killer bees
  3 electric eels (D:11)
  6 howler monkeys
  3 jellies (D:5)
  5 hounds
  Crazy Yiuf (D:6)
  2 gnoll boudas
  5 orc priests
  6 iguanas
  9 orc wizards
  A mummy (D:11)
  18 gnolls
  3 adders
  2 shadow imps (D:7)
  4 white imps
  2 ufetubi (D:11)
  A worm (D:2)
  2 dart slugs
  44 orcs
  6 ball pythons
  9 endoplasms
  2 giant cockroaches
  8 goblins
  3 hobgoblins
  9 jackals
  2 quokkas
  3 bats
  9 frilled lizards
  25 kobolds
  3 rats
311 creatures vanquished.

Vanquished Creatures (others)
  A white imp (D:11)
  An ufetubus (D:11)
  14 plants
  8 withered plants (D:2)
24 creatures vanquished.

Grand Total: 335 creatures vanquished

Notes
Turn   | Place    | Note
-------+----------+-------------------------------------------
     0 | D:1      | Legacy the Minotaur Berserker began the quest for the Orb.
     0 | D:1      | Reached XP level 1. HP: 19/19 MP: 0/0
   318 | D:1      | Reached skill level 4 in Fighting
   414 | D:1      | Reached XP level 2. HP: 28/28 MP: 1/1
   978 | D:2      | Reached ** piety under Trog
   979 | D:2      | Reached skill level 5 in Fighting
   979 | D:2      | Reached XP level 3. HP: 36/36 MP: 2/2
  1492 | D:2      | Found a faded altar of an unknown god.
  1608 | D:2      | Found Secluder's Jewellery Shop.
  1982 | D:3      | Reached XP level 4. HP: 44/44 MP: 3/3
  1987 | D:3      | Reached skill level 6 in Fighting
  2582 | D:3      | Found an opulent altar of Gozag.
  2792 | D:3      | Reached *** piety under Trog
  2795 | D:3      | Reached XP level 5. HP: 51/51 MP: 4/4
  2955 | D:4      | Reached skill level 7 in Fighting
  3475 | D:4      | Reached skill level 8 in Fighting
  3635 | D:4      | Reached XP level 6. HP: 57/62 MP: 5/5
  3715 | D:4      | Reached skill level 9 in Fighting
  3737 | D:4      | Found a staircase to the Ecumenical Temple.
  3824 | Temple   | Entered the Ecumenical Temple
  4099 | D:5      | Entered Level 5 of the Dungeon
  4111 | D:5      | Noticed a water moccasin
  4122 | D:5      | Killed a water moccasin
  4123 | D:5      | Reached XP level 7. HP: 70/71 MP: 6/6
  4126 | D:5      | Found a white marble altar of Elyvilon.
  4193 | D:5      | Reached skill level 10 in Fighting
  4375 | D:5      | Reached skill level 11 in Fighting
  4472 | D:5      | Reached XP level 8. HP: 82/82 MP: 7/7
  4493 | D:5      | Reached skill level 1 in Shields
  4549 | D:5      | Reached skill level 12 in Fighting
  4574 | D:5      | Reached **** piety under Trog
  4599 | D:5      | Noticed Sigmund
  4608 | D:5      | Killed Sigmund
  4621 | D:5      | Noticed a two-headed ogre
  4632 | D:5      | Killed a two-headed ogre
  4633 | D:5      | Reached skill level 13 in Fighting
  4633 | D:5      | Reached XP level 9. HP: 63/93 MP: 8/8
  4954 | D:6      | Found Cibugen's Assorted Antiques.
  4974 | D:6      | Bought a scroll labelled PEGUJI XAROEGO for 33 gold pieces
  5079 | D:6      | Noticed Eustachio
  5126 | D:6      | Killed Eustachio
  5223 | D:6      | Found an iron altar of Okawaru.
  5322 | D:6      | Found an ornate altar of the Wu Jian Council.
  5435 | D:6      | Paralysed by a gnoll bouda for 4 turns
  5446 | D:6      | Reached skill level 5 in Armour
  5448 | D:6      | Paralysed by a gnoll bouda for 5 turns
  5563 | D:6      | Found a runed translucent door.
  5564 | D:6      | Noticed Crazy Yiuf
  5572 | D:6      | Killed Crazy Yiuf
  5608 | D:6      | Noticed Blork the orc
  5613 | D:6      | Killed Blork the orc
  6057 | D:7      | Reached skill level 5 in Shields
  6092 | D:7      | Found Vaan Rik's Armour Shoppe.
  6251 | D:7      | Found a stormy altar of Qazlal.
  6296 | D:7      | Reached skill level 5 in Dodging
  6304 | D:7      | Reached ***** piety under Trog
  6535 | D:7      | Found an ancient bone altar of Kikubaaqudgha.
  6539 | D:7      | Found a shimmering blue altar of Sif Muna.
  6669 | D:7      | Noticed Prince Ribbit
  6694 | D:7      | Reached skill level 14 in Fighting
  6726 | D:7      | Killed Prince Ribbit
  7018 | D:8      | Reached XP level 10. HP: 92/103 MP: 9/9
  7269 | D:8      | Found a staircase to the Lair.
  8006 | D:9      | Noticed a two-headed ogre
  8018 | D:9      | Killed a two-headed ogre
  8019 | D:9      | Reached skill level 5 in Axes
  8370 | D:9      | Found a broken altar of Ashenzari.
  8941 | D:10     | Entered Level 10 of the Dungeon
  8941 | D:10     | Noticed Maggie
  8953 | D:10     | Killed Maggie
  9012 | D:10     | Found a sparkling altar of Nemelex Xobeh.
  9092 | D:10     | Found a portal to a secret trove of treasure.
  9166 | D:10     | Found a transporter.
  9190 | D:10     | Found a transporter.
  9191 | D:10     | Found a bloodstained altar of Trog.
  9193 | D:10     | Noticed a two-headed ogre
  9210 | D:10     | Noticed a tengu warrior
  9213 | D:10     | Noticed a two-headed ogre
  9214 | D:10     | Noticed a moth of wrath
  9214 | D:10     | Noticed Beavis's ghost (journeyman GnWn)
  9220 | D:10     | Killed a moth of wrath
  9222 | D:10     | Killed a two-headed ogre
  9223 | D:10     | Reached skill level 15 in Fighting
  9223 | D:10     | Reached XP level 11. HP: 65/112 MP: 10/10
  9229 | D:10     | Killed Beavis's ghost
  9230 | D:10     | Killed a tengu warrior
  9349 | D:10     | Killed a two-headed ogre
  9415 | D:10     | Found a radiant altar of Vehumet.
  9603 | D:10     | Found Ozxi's Distillery.
  9627 | D:10     | Noticed a two-headed ogre
  9636 | D:10     | Killed a two-headed ogre
  9746 | D:10     | Found a staircase to the Orcish Mines.
 10073 | D:10     | Received a gift from Trog
 10637 | D:11     | Gained mutation: Your muscles are strong. (Str +4, Int/Dex
                  | -1) [potion of mutation]
 10637 | D:11     | Gained mutation: Your movements are slightly less
                  | encumbered by armour. (ER -2) [potion of mutation]
 10637 | D:11     | Gained mutation: You are resistant to electric shocks.
                  | (rElec) [potion of mutation]
 10643 | D:11     | Noticed Maurice
 10653 | D:11     | Killed Maurice
 10884 | D:11     | Noticed a boulder beetle
 10893 | D:11     | Killed a boulder beetle
 10894 | D:11     | Reached XP level 12. HP: 110/122 MP: 11/11
 10936 | D:11     | Reached skill level 16 in Fighting
 10955 | D:11     | Found a snail-covered altar of Cheibriados.
 11116 | D:11     | Reached skill level 10 in Axes
 11384 | D:12     | Noticed a two-headed ogre
 11392 | D:12     | Killed a two-headed ogre
 11398 | D:12     | Found a hide-covered altar of Uskayaw.
 11586 | D:12     | Identified the +4 falchion "Xihuod" {freeze, rC- rCorr
                  | Str+3 Stlth+}
 11722 | D:12     | Noticed a two-headed ogre
 11731 | D:12     | Killed a two-headed ogre
 12103 | D:13     | Noticed Jorgrun
 12119 | D:13     | Killed from afar by Jorgrun

Illustrated notes

Levels and vault maps discovered:
D:1:      giann_wishing_wells, layout_basic
D:2:      layout_loops_corners, shapermc_ecumenical_altar_flowoftime,
          serial_shops, shop, st_stairs_10, grunt_ministairs_6
D:3:      layout_basic, nicolae_gozag_seed_capital, lexackson_kobold_supper
D:4:      layout_loops_corners, lemuel_temple_firewalk_b, grunt_ministairs_4
D:5:      minmay_razor_zed, layout_rooms, nicolae_elyvilon_temple_path,
          uniq_sigmund
D:6:      layout_basic, mainiacjoe_overflow_tiny_flanked, okawaru_gym_becter,
          serial_shops, nicolae_shop_window_shopping, uniq_crazy_yiuf_cottage,
          uniq_eustachio, uniq_blork_the_orc
D:7:      layout_loops_corners, marbit_many_paths, grunt_temple_overflow_open,
          serial_shops, nicolae_take_the_stairs, grunt_ministairs_13,
          uniq_prince_ribbit1
D:8:      layout_loops_ring, dpeg_oklobed_lair, minmay_misc_feat_square
D:9:      layout_long_grid, ashenzari_altar_1
D:10:     layout_basic, mainiacjoe_overflow_cross_hatched, fiery_altar_vehumet,
          orc_0_dummy, nicolae_trove_entry_crossroad,
          gammafunk_ghost_wrathful_warriors, serial_shops, shop, uniq_maggie
D:11:     layout_gridville, serial_ice, serial_ice_g, serial_ice_m,
          serial_ice_j, serial_ice_n, slow_altar_1, uniq_maurice
D:12:     layout_basic, nicolae_uskayaw_dance_hall
D:13:     layout_basic, david_vaults_5, serial_shops, shop,
          nzn_wu_jian_contemplation, uniq_jorgrun
Temple:   minmay_temple_bridge_abc

Skill      XL: |  1  2  3  4  5  6  7  8  9 10 11 12 |
---------------+-------------------------------------+-----
Fighting       | 4 5 6 8 9 11 13 14 15 16 | 16.5
Shields        | 3 5 7 8 |  8.5
Armour         | 4 6 7 9 |  9.5
Dodging        | 4 5 7 8 9 |  9.4
Axes           | 6 9 10 | 10.8
Stealth        | |  0.5

Action                     |  1- 3 |  4- 6 |  7- 9 | 10-12 || total
---------------------------+-------+-------+-------+-------++-------
  Melee: Hand axe          |    94 |    38 |       |       ||   132
         Headbutt          |    15 |    21 |    49 |    71 ||   156
         Punch             |     2 |       |       |       ||     2
         War axe           |       |    86 |   257 |   355 ||   698
 Invoke: Berserk           |       |       |       |     1 ||     1
    Use: Scroll            |     4 |     3 |     2 |    10 ||    19
         Potion            |       |       |       |     1 ||     1
 Armour: Chain mail        |    80 |    77 |   215 |    58 ||   430
         Animal skin       |     1 |       |       |       ||     1
         Plate armour      |       |       |       |   268 ||   268
  Dodge: Dodged            |    52 |    44 |   123 |   188 ||   407
  Block: Kite shield       |       |    37 |   163 |   248 ||   448

Table legend: (Time is in decaauts)
 A = Elapsed time spent in this place.
 B = Non-inter-level travel time spent in this place.
 C = Inter-level travel time spent in this place.
 D = Time resting spent in this place.
 E = Time spent auto-exploring this place.
 F = Levels seen in this place.
 G = Mean time per level.
                   A        B        C        D        E       F      G
               +--------+--------+--------+--------+--------+-----+--------+
         Total |  12429 |  10430 |   1999 |    277 |      0 |  14 |  887.8 |
       Dungeon |  12336 |  10337 |   1999 |    277 |      0 |  13 |  948.9 |
        Temple |     93 |     93 |      0 |      0 |      0 |   1 |   93.0 |
               +--------+--------+--------+--------+--------+-----+--------+

Top non-repeatable levels by time:
    D:10: 1243 daAuts
     D:7: 1151 daAuts
     D:9: 1133 daAuts
     D:4: 1087 daAuts
     D:6: 1061 daAuts
    D:11: 1028 daAuts
     D:2: 1010 daAuts
     D:3: 1002 daAuts
     D:1: 958 daAuts
     D:8: 872 daAuts
     D:5: 822 daAuts
    D:12: 798 daAuts
    D:13: 166 daAuts
  Temple: 93 daAuts
